 Dungeon Crawl Stone Soup version 0.29-a0-284-gf9362112df (webtiles) character file.

Game seed: 9238654877931234457

714 spaghetti the Changer (level 7, -3/55 HPs)
             Began as a Deep Dwarf Transmuter on Mar 23, 2022.
             Was an Initiate of Makhleb.
             Slain by Edmund
             ... wielding a +3 vorpal flail
              (19 damage)
             ... on level 4 of the Dungeon.
             The game lasted 00:16:05 (4461 turns).

spaghetti the Changer (Deep Dwarf Transmuter)       Turns: 4461, Time: 00:16:06

Health: -3/55      AC:  2    Str: 14    XL:     7   Next: 41%
Magic:  5/9        EV: 21    Int: 15    God:    Makhleb [......]
Gold:   230        SH:  0    Dex: 18    Spells: 4/10 levels left

rFire   . . .      SeeInvis .     - Unarmed
rCold   . . .      Faith    .   (shield currently unavailable)
rNeg    + . .      Spirit   .   (body armour currently unavailable)
rPois   x          Reflect  .   (helmet currently unavailable)
rElec   .          Harm     .   (cloak currently unavailable)
rCorr   .          Rampage  .   (gloves currently unavailable)
Will    +....                   (boots currently unavailable)
Stlth   ++........              (no amulet)
HPRegen 0.00/turn               i - ring of wizardry
MPRegen 0.11/turn               v - ring of positive energy

@: spider-form (expiring), wereblooded
A: venomous fangs, damage resistance, heal wounds, tiny, sense surroundings 1,
no regeneration, frail 1, passive freeze
a: Heal Wounds, End Transformation, Renounce Religion


You were on level 4 of the Dungeon.
You worshipped Makhleb.
Makhleb was noncommittal.
You were a venomous arachnid creature.
You visited 1 branch of the dungeon, and saw 4 of its levels.
You also visited: Ossuary.

You collected 230 gold pieces.


Innate Abilities, Weirdness & Mutations

You are a venomous arachnid creature.
You have poisonous fangs.
You are tiny and dextrous.
Your spellcasting is less reliable in this form.
Your armour is entirely melded.
You are incapable of wielding weapons or throwing items.
You are resistant to damage.
You can heal yourself by infusing magical energy.
You passively map a small area around you.
You do not regenerate.
You are frail. (-10% HP)
A frigid envelope surrounds you and freezes all who hurt you.


   Skills:
 + Level 3.1 Fighting
 - Level 0.4 Armour
 + Level 3.6 Dodging
 + Level 4.2 Unarmed Combat
 - Level 2.0 Spellcasting
 * Level 4.8 Transmutations
 + Level 3.2 Invocations


You had 4 spell levels left.
You knew the following spells:

 Your Spells              Type           Power      Damage    Failure   Level
a - Beastly Appendage     Tmut           30%        N/A       4%          1
b - Wereblood             Tmut           15%        N/A       6%          2
c - Spider Form           Tmut/Pois      8%         N/A       21%         3

Your spell library contained the following spells:

 Spells                   Type           Power      Damage    Failure   Level
 Ignite Poison            Fire/Tmut/Pois 6%         N/A       26%         3
 Conjure Flame            Conj/Fire      1%         6-21      41%         3
 Ice Form                 Ice/Tmut       8%         N/A       47%         4
 Airstrike                Air            0%         N/A       77%         4
 Sticky Flame             Conj/Fire      1%         2d3       77%         4
 Summon Lightning Spire   Summ/Air       1%         N/A       77%         4
 Lightning Bolt           Conj/Air       0%         1d11      96%         5

Inventory:

Hand Weapons
 c - a +0 dagger {short}
   (You found it on level 1 of the Dungeon)
 d - a +0 dagger {short}
   (You took it off a goblin on level 1 of the Dungeon)
 m - a +2 short sword of speed (melded) {short}
   (You took it off a kobold on level 2 of the Dungeon)
Missiles
 f - 134 stones {throwing}
 r - 6 atropa-tipped darts {throwing}
 u - 6 poisoned darts {throwing}
 w - 6 silver javelins {throwing}
Armour
 a - a +0 robe (melded)
 l - a +0 pair of boots (melded)
   (You found it on level 2 of the Dungeon)
 p - the +0 chain mail of Impermeability {rF+ rC+}
   (You found it on level 3 of the Dungeon)

   rF:        It protects you from fire.
   rC:        It protects you from cold.
Jewellery
 i - a ring of wizardry (left front leg)
   (You found it on level 1 of the Dungeon)
 s - a ring of wizardry
   (You found it on level 3 of the Dungeon)
 v - a ring of positive energy (right front leg)
   (You found it on level 4 of the Dungeon)
Wands
 z - a wand of mindburst (32)
   (You found it in an ossuary)
 C - a wand of digging (5)
   (You found it in an ossuary)
Scrolls
 e - 2 scrolls of enchant armour
 k - 2 scrolls of enchant weapon
 n - 2 scrolls of amnesia
 q - a scroll of holy word
 x - 2 scrolls of teleportation {@r4}
 y - a scroll of silence {!r}
 D - a scroll of blinking {unknown}
Potions
 g - 2 potions of invisibility
 o - a potion of degeneration {!q@e2}
 t - a potion of brilliance

Dungeon Overview and Level Annotations

Branches:
Dungeon (4/15)            Ossuary (visited)
 Temple: D:4-7

Altars:
Makhleb
Qazlal

Annotations:
D:4 Edmund

,* * #.#.....#.#. ,*
## * #.#.#.....# , #.
#.#....#..# * *
#.####.###..#..#.
#....#...........
#......###.......
##.#.#.# #..#..##
##.####.#.#.# #..#+###
#...@s..#.#.###.......
#########.............
#........##.....
#.#............. *
#.##.#.#...... ..
#.#.#.##### ## #.#.#.#
## #.#.#. , ..
#####.#.######.


You could see Edmund (strong, extremely poisoned).


Message History

Confirm with . or Enter, or press ? or * to list all spells.
You don't have enough magic to cast this spell.
Unknown command.
You closely miss the orc. The orc closely misses you.
You hit the orc. You barely miss the orc. The orc barely misses you.
You hit the orc. The orc completely misses you.
You hit the orc.
You feel a bit better.
You kill the orc!
Makhleb accepts your kill. 😮 HP[+2]
You regained 2 hp, and now have 34/55 hp.
Things that are here:
a +0 hand axe {axe}; a +0 leather armour; an orc corpse You howl as the wereblood boils in your veins!
You howl as the wereblood boils in your veins!
A giant cockroach comes into view. 😮 MP[+1]
A giant cockroach is nearby!
The giant cockroach misses you.
You hit the giant cockroach.
You feel a bit better.
You kill the giant cockroach!
Makhleb accepts your kill.
You howl as the wereblood boils in your veins! 😮 HP[+3]
You regained 3 hp, and now have 37/55 hp.
You howl as the wereblood boils in your veins!
You howl as the wereblood boils in your veins!
Your magical contamination has completely faded away. 😮 MP[+1]
You howl as the wereblood boils in your veins!
Your primal bloodlust is almost over.
You howl as the wereblood boils in your veins!
Your primal bloodlust has ended.
x - 2 scrolls of teleportation {@r4} (gained 1)
f - 134 stones {throwing} (gained 11)
An adder comes into view.
The adder hisses angrily. 😮 MP[+6]
Your mp is fully restored (9).
An adder is nearby!
Casting: Spider Form (dangerous; 11% risk of failure)
Confirm with . or Enter, or press ? or * to list all spells.
Your blood is infused with primal strength.
The adder barely misses you. 😮 MP[-2]
You lost 2 mp, and now have 7/9 mp.
You hit the adder. The adder bites you but does no damage.
The adder is very cold.
You feel a bit better.
You kill the adder!
Makhleb accepts your kill. 😮 HP[+2]
You regained 2 hp, and now have 39/55 hp.
You howl as the wereblood boils in your veins!
You see here an adder corpse.
Your primal bloodlust is almost over.
You howl as the wereblood boils in your veins!
Your primal bloodlust has ended.
Edmund the Younger comes into view.
He is wielding a +3 vorpal flail and wearing a +3 ring mail of cold resistance. 😮 MP[+2]
Your mp is fully restored (9).
Casting: Wereblood (safe; 1% risk of failure)
Confirm with . or Enter, or press ? or * to list all spells.
Your blood is infused with primal strength. 😮 MP[-2]
You lost 2 mp, and now have 7/9 mp.
Unknown command.
Casting: Wereblood (safe; 1% risk of failure)
Confirm with . or Enter, or press ? or * to list all spells.
You turn into a venomous arachnid creature.
Your +2 short sword of speed {short} melds into your body.
Your +0 pair of boots melds into your body.
Your +0 robe melds into your body. 😮 MP[-3]
You lost 3 mp, and now have 4/9 mp.
Your transformation is almost over.
Edmund shouts!
You hit Edmund.
Edmund drinks a potion.
Edmund seems to grow stronger.
You hit Edmund but do no damage.
Edmund is poisoned.
Edmund hits you with a +3 vorpal flail!
Edmund resists.
Edmund is very cold. 😮 HP[-5] MP[+1]
You take 5 damage, and now have 34/55 hp.
You hit Edmund but do no damage. Edmund hits you with a +3 vorpal flail!
* * * LOW HITPOINT WARNING * * *
Edmund resists.
Edmund is very cold. 😨 HP[-11]
You take 11 damage, and now have 23/55 hp.
You hit Edmund but do no damage. Edmund closely misses you.
You barely miss Edmund. You hit Edmund but do no damage.
Edmund looks as sick as possible!
Edmund hits you with a +3 vorpal flail!
* * * LOW HITPOINT WARNING * * *
Edmund resists.
Edmund is very cold. 😨 HP[-7]
You take 7 damage, and now have 16/55 hp.
You bite Edmund!
Edmund hits you with a +3 vorpal flail!!
You die...

Skill      XL: |  1  2  3  4  5  6  7 |
---------------+----------------------+-----
Transmutations | 2 3 4 |  4.8
Spellcasting   | 2 |  2.0
Fighting       | 1 2 3 |  3.1
Unarmed Combat | 3 4 |  4.2
Invocations    | 1 2 3 |  3.2
Dodging        | 3 |  3.6
Armour         | |  0.4

Action                   |  1- 3 |  4- 6 |  7- 9 || total
-------------------------+-------+-------+-------++-------
Melee: Dagger            |    98 |       |       ||    98
       Unarmed           |     3 |    61 |    16 ||    80
       Kick              |    12 |    11 |       ||    23
       Headbutt          |     8 |     6 |       ||    14
       Punch             |     3 |     3 |       ||     6
       Short sword       |    33 |    92 |    13 ||   138
 Cast: Beastly Appendage |    19 |    20 |       ||    39
       Wereblood         |    20 |    27 |     4 ||    51
       Spider Form       |       |    12 |     3 ||    15
 Abil: Heal Wounds       |       |       |     2 ||     2
  Use: Scroll            |       |     9 |     1 ||    10
       Potion            |       |     3 |     2 ||     5
 Stab: Sleeping          |       |     1 |       ||     1
Armor: Robe              |    27 |    13 |     1 ||    41
       Skin              |       |     8 |       ||     8
Dodge: Dodged            |    80 |    78 |    22 ||   180

Levels and vault maps discovered:
D:1:      minmay_arrival_widening_spiral_narrow, layout_rooms
D:2:      minmay_roachtagon, layout_basic
D:3:      layout_basic, lemuel_tele_altar, nicolae_ecumenical_snake_handling,
          kennysheep_generic_room_16
D:4:      layout_basic, kennysheep_mini_moat, nicolae_ossuary_entry_ruins,
          serial_shops, nicolae_square_shop, st_stairs_9, uniq_edmund

Notes
Turn   | Place    | Note
-------+----------+-------------------------------------------
     0 | D:1      | spaghetti the Deep Dwarf Transmuter began the quest for the
                  | Orb.
     0 | D:1      | Reached XP level 1. HP: 16/16 MP: 3/3
     0 | D:1      | magus.rc [v1.9.6]
   285 | D:1      | Reached skill level 2 in Transmutations
   288 | D:1      | Reached skill level 2 in Spellcasting
   391 | D:1      | Reached XP level 2. HP: 19/24 MP: 5/5
   394 | D:1      | Learned a level 2 spell: Wereblood
  1106 | D:2      | Reached skill level 3 in Transmutations
  1106 | D:2      | Reached XP level 3. HP: 30/30 MP: 2/6
  1110 | D:2      | Learned a level 3 spell: Spider Form
  1352 | D:2      | Reached skill level 1 in Fighting
  1363 | D:2      | Reached skill level 3 in Unarmed Combat
  1719 | D:2      | Reached XP level 4. HP: 36/38 MP: 3/7
  1732 | D:2      | You pick up a book of Storms and begin reading...
  1732 | D:2      | You add the spells Airstrike, Summon Lightning Spire and
                  | Lightning Bolt to your library.
  1771 | D:2      | You add the spells Conjure Flame, Ignite Poison and Sticky
                  | Flame to your library.
  2250 | D:3      | Found a faded altar of an unknown god.
  2383 | D:3      | Found a burning altar of Makhleb.
  2461 | D:3      | Identified the +0 chain mail of Impermeability {rF+ rC+}
  2520 | D:3      | Became a worshipper of Makhleb the Destroyer
  2821 | D:3      | Reached skill level 2 in Fighting
  2939 | D:3      | Reached XP level 5. HP: 45/45 MP: 1/8
  3359 | D:4      | Noticed a black bear
  3376 | D:4      | Killed a black bear
  3377 | D:4      | Reached skill level 1 in Invocations
  3377 | D:4      | Reached XP level 6. HP: 33/55 MP: 3/9
  3544 | D:4      | Found a sand-covered staircase.
  3553 | Ossuary  | Entered an ossuary
  3776 | Ossuary  | Noticed a wraith
  3776 | Ossuary  | Noticed a flying skull
  3783 | Ossuary  | Noticed a flying skull
  3815 | Ossuary  | Noticed a flying skull
  3843 | Ossuary  | Reached skill level 3 in Dodging
  3843 | Ossuary  | Reached skill level 4 in Transmutations
  3859 | Ossuary  | Noticed a wraith
  3874 | Ossuary  | HP: 18/82 [wraith (6)]
  3879 | Ossuary  | HP: 24/123 [wraith (1)]
  3883 | Ossuary  | Killed a wraith
  3884 | Ossuary  | Reached skill level 4 in Unarmed Combat
  3884 | Ossuary  | Reached skill level 2 in Invocations
  4027 | Ossuary  | Reached XP level 7. HP: 44/61 MP: 4/10
  4084 | Ossuary  | Noticed a wraith
  4092 | Ossuary  | HP: 13/61 [wraith (11)]
  4093 | Ossuary  | Gained mutation: A frigid envelope surrounds you and
                  | freezes all who hurt you. [potion of mutation]
  4093 | Ossuary  | Gained mutation: You are frail. (-10% HP) [potion of
                  | mutation]
  4100 | Ossuary  | HP: 8/54 [wraith (11)]
  4102 | Ossuary  | Killed a wraith
  4103 | Ossuary  | Reached skill level 3 in Fighting
  4103 | Ossuary  | Reached skill level 3 in Invocations
  4221 | D:4      | Found a stormy altar of Qazlal.
  4446 | D:4      | Noticed Edmund
  4461 | D:4      | Slain by Edmund

Vanquished Creatures
  2 wraiths (Ossuary)
  A black bear (D:4)
  2 wights (Ossuary)
  A hound (D:4)
  An orc wizard (D:4)
  6 adders
  2 adder zombies (Ossuary)
  5 dart slugs
  3 orcs
  A bat (D:1)
  8 endoplasms
  14 giant cockroaches
  7 goblins
  7 hobgoblins
  5 jackals
  4 quokkas
  10 ball pythons
  5 frilled lizards
  A hobgoblin skeleton (Ossuary)
  2 hobgoblin zombies (Ossuary)
  10 kobolds
  2 kobold zombies (Ossuary)
  An orc skeleton (Ossuary)
  5 rats
105 creatures vanquished.

Table legend:
 A = Non-vault XP
 B = Vault XP
 C = Vault XP percentage of total XP
 D = Non-vault monster count
 E = Vault monster count
 F = Vault count percentage of total count
                 A         B        C        D         E       F
            +---------+---------+-------+---------+---------+-------
      Total |     349 |     671 |  65.8 |      76 |      29 |  27.6
            +---------+---------+-------+---------+---------+-------
        D:1 |      37 |       0 |   0.0 |      22 |       0 |   0.0
        D:2 |      75 |      18 |  19.4 |      22 |       9 |  29.0
        D:3 |      44 |      32 |  42.1 |      22 |       6 |  21.4
        D:4 |     193 |      40 |  17.2 |      10 |       2 |  16.7
    Ossuary |       0 |     581 | 100.0 |       0 |      12 | 100.0
            +---------+---------+-------+---------+---------+-------

Illustrated notes

Table legend:
 A = Kills in this place as a percentage of kills in entire the game.
 B = Kills by you in this place as a percentage of kills by you in the entire game.
 C = Kills by friends in this place as a percentage of kills by friends in the entire game.
 D = Other kills in this place as a percentage of other kills in the entire game.
 E = Experience gained in this place as a percentage of experience gained in the entire game.
 F = Experience gained in this place divided by the number of levels of this place that you have seen.
                   A       B       C       D       E      F
               +-------+-------+-------+-------+-------+----------------------
         Total | 100.0 | 100.0 |   N/A |   N/A | 100.0 | 204.0
       Dungeon |  88.6 |  88.6 |   N/A |   N/A |  43.0 | 109.8
       Ossuary |  11.4 |  11.4 |   N/A |   N/A |  57.0 | 581.0
               +-------+-------+-------+-------+-------+----------------------

Table legend: (Time is in decaauts)
 A = Elapsed time spent in this place.
 B = Non-inter-level travel time spent in this place.
 C = Inter-level travel time spent in this place.
 D = Time resting spent in this place.
 E = Time spent auto-exploring this place.
 F = Levels seen in this place.
 G = Mean time per level.
                   A        B        C        D        E       F      G
               +--------+--------+--------+--------+--------+-----+--------+
         Total |   4469 |   4381 |     88 |    275 |   3127 |   5 |  893.8 |
       Dungeon |   3831 |   3743 |     88 |    120 |   2876 |   4 |  957.8 |
       Ossuary |    638 |    638 |      0 |    155 |    251 |   1 |  638.0 |
               +--------+--------+--------+--------+--------+-----+--------+

Top non-repeatable levels by time:
     D:2: 1235 daAuts
     D:3: 1039 daAuts
     D:1: 894 daAuts
     D:4: 661 daAuts
 Ossuary: 638 daAuts
